 Seeded DCSS version 0.29-a0-359-g541a27f54d (webtiles) character file.

Game seed: 2364543799250634364 (custom seed)

281 zeratav the Archer (level 6, 0/35 HPs)
             Began as a Tengu Hunter on Apr 27, 2022.
             Killed from afar by a steam dragon (21 damage)
             ... with a ball of steam
             ... on level 4 of the Dungeon.
             The game lasted 00:04:17 (2185 turns).

zeratav the Archer (Tengu Hunter)                   Turns: 2185, Time: 00:04:18

Health: 0/35       AC: 11    Str: 17    XL:     6   Next: 27%
Magic:  7/7        EV: 29    Int:  9    God:
Gold:   222        SH:  0    Dex: 20    Spells: 5/5 levels left

rFire   . . .      SeeInvis .   h - +5 shortbow (flame) {bow}
rCold   + . .      Faith    .   (shield currently unavailable)
rNeg    . . .      Spirit   .   y - +2 ring mail {rC+}
rPois   .          Reflect  .   (helmet restricted)
rElec   .          Harm     .   (no cloak)
rCorr   .          Rampage  .   (no gloves)
Will    .....                   (boots unavailable)
Stlth   +.........              s - amulet of the acrobat
HPRegen 0.11/turn               k - +6 ring of strength
MPRegen 0.10/turn               z - +4 ring of protection

@: acrobatic, flying quickly and evasively, quick
A: beak, talons 3, nimble flight
a: no special abilities


You were on level 4 of the Dungeon.
You visited 1 branch of the dungeon, and saw 4 of its levels.

You collected 222 gold pieces.


Innate Abilities, Weirdness & Mutations

You have a beak for a mouth.
You have claws for feet.
Your magical nature lets you fly swiftly and evasively.


   Skills:
 - Level 2.0 Fighting
 + Level 8.1 Bows
 - Level 2.1 Dodging
 - Level 1.0 Stealth


You had 5 spell levels left.
You didn't know any spells.
Your spell library was empty.

Inventory:

Hand Weapons
 d - a +0 dagger of flaming {short}
   (You took it off a kobold on level 1 of the Dungeon)
 h - a +5 shortbow of flaming (weapon) {bow}
   (You acquired it on level 1 of the Dungeon)
 p - a +0 longbow {bow}
   (You found it on level 2 of the Dungeon)
Armour
 b - a +0 leather armour
 y - a +2 ring mail of cold resistance (worn)
   (You found it on level 3 of the Dungeon)
Jewellery
 e - a ring of wizardry
   (You found it on level 1 of the Dungeon)
 k - a +6 ring of strength (left hand)
   (You found it on level 2 of the Dungeon)
 s - an amulet of the acrobat (around neck)
   (You found it on level 2 of the Dungeon)
 z - a +4 ring of protection (right hand)
   (You found it on level 3 of the Dungeon)
Scrolls
 a - a scroll of amnesia {unknown}
 c - 3 scrolls of immolation {!r!r}
 f - a scroll of holy word {unknown}
 g - 7 scrolls of identify {unknown}
 i - a scroll of vulnerability {unknown}
 j - 2 scrolls of fear {unknown}
 q - 2 scrolls of enchant weapon {unknown}
 t - a scroll of magic mapping {unknown}
Potions
 l - 2 potions of curing {unknown}
 m - a potion of haste {unknown}
 n - a potion of ambrosia {unknown}
 o - a potion of brilliance {unknown}
 r - a potion of invisibility {unknown}
 v - a potion of magic {unknown}
 x - a potion of mutation {unknown}

Dungeon Overview and Level Annotations

Branches:
Dungeon (4/15)
 Temple: D:4-7

Altars:
Wu Jian

######## ####......#
#§........#
#######/§.......
.....)..§....#
.....§.......#
......§§.....###########
S.....D...§§§.........>#
.......@.^...###.#######
........###### #.#
####+#### #.# #.# #.#
#####'### #.......#
#.......# #.......#


You could see a steam dragon (catching breath) and a ball python.


Message History

Shoot: h) +5 shortbow (flame) {bow}
Press: ? - help, Shift-Dir - straight line You shoot an arrow.
Okay, then.
You start removing your armour.
You continue taking off your +0 leather armour. x4
You finish taking off your +0 leather armour.
You start putting on your armour.
You continue putting on your +2 ring mail of cold resistance. x5
You finish putting on your +2 ring mail of cold resistance.
You feel resistant to cold.
Done exploring.
Done exploring.
(D) Dungeon
Where to? (Enter - D:3, ? - help)
There is a stone staircase leading down here.
You fly downwards.
There is a stone staircase leading up here.
You now have 199 gold pieces (gained 13).
A goblin comes into view. It is wielding a +0 dagger.
You shoot an arrow. The arrow hits the goblin!
The arrow burns the goblin.
You kill the goblin!
No target in view!
No target in view!
No target in view!
No target in view!
No target in view!
No target in view!
Things that are here:
a +0 dagger {short}; a goblin corpse An ufetubus comes into view.
The ufetubus moves out of view.
An ufetubus is nearby!
You shoot an arrow. The arrow hits the ufetubus!
The arrow burns the ufetubus.
You kill the ufetubus!
No target in view!
No target in view!
No target in view!
A hound comes into view.
You shoot an arrow. The arrow hits the hound!
The arrow burns the hound.
The hound barks!
You shoot an arrow. The arrow hits the hound!
The arrow burns the hound.
You kill the hound!
Your Bows skill increases to level 8!
No target in view!
No target in view!
No target in view!
No target in view!
No target in view!
No target in view!
No target in view!
No target in view!
No target in view!
No target in view!
No target in view!
A ball python comes into view.
You shoot an arrow. The arrow hits the ball python!
The arrow burns the ball python.
You kill the ball python!
No target in view!
No target in view!
a - a scroll labelled FEEKLUGEUMERPH You reach down and open the door.
There is an open door here.
You now have 211 gold pieces (gained 12).
Found an escape hatch in the ceiling.
Found a stone staircase leading down.
You now have 222 gold pieces (gained 11).
A steam dragon comes into view.
You shoot an arrow. The arrow hits the steam dragon.
The arrow burns the steam dragon.
The steam dragon hisses angrily.
You shoot an arrow.
The arrow barely misses the steam dragon.
You shoot an arrow.
The arrow barely misses the steam dragon.
The steam dragon breathes steam at you. The ball of steam hits you.
You hear an angry hiss.
HP[-1]
You take 1 damage, and now have 34/35 hp.
You shoot an arrow. The arrow hits the steam dragon!
The arrow burns the steam dragon.
Shoot: h) +5 shortbow (flame) {bow}
Press: ? - help, Q - select action Shift-Dir - straight line, f/p - steam dragon
Aim: a steam dragon (heavily wounded, 71% to hit)
You shoot an arrow. The arrow hits the steam dragon.
The arrow burns the steam dragon.
You are engulfed in a cloud of scalding steam.
The steam dragon breathes steam at you. The ball of steam misses you.
A ball python comes into view.
The ball python hisses angrily.
HP[-10]
You take 10 damage, and now have 24/35 hp.
MASSIVE DAMAGE!! (PAUSE)
You are engulfed in a cloud of scalding steam.
The steam dragon breathes steam at you. The ball of steam hits you!!
Ouch! That really hurt!
You die...

Skill      XL: |  1  2  3  4  5  6 |
---------------+-------------------+-----
Bows           | 5 6 7 8 |  8.1
Fighting       | |  2.0
Dodging        | |  2.1
Stealth        | |  1.0

Action                   |  1- 3 |  4- 6 || total
-------------------------+-------+-------++-------
 Fire: Shortbow          |    72 |    57 ||   129
  Use: Scroll            |     1 |       ||     1
Dodge: Dodged            |     7 |     9 ||    16

Levels and vault maps discovered:
D:1:      lemuel_arrival_hallway, layout_loops_ring,
          corexii_item_surrounded_by_moat
D:2:      layout_basic, basic_altar, chequers_ecumenical_altar_grove
D:3:      layout_basic
D:4:      layout_basic

Notes
Turn   | Place    | Note
-------+----------+-------------------------------------------
     0 | D:1      | zeratav the Tengu Hunter began the quest for the Orb.
     0 | D:1      | Reached XP level 1. HP: 12/12 MP: 2/2
     0 | D:1      | magus.rc [v1.9.6]
   123 | D:1      | Reached XP level 2. HP: 17/17 MP: 3/3
   147 | D:1      | Reached skill level 5 in Bows
   225 | D:1      | Identified a scroll of acquirement
   225 | D:1      | Acquired a +5 shortbow of flaming
   305 | D:1      | Reached XP level 3. HP: 21/21 MP: 4/4
  1046 | D:2      | Found a faded altar of an unknown god.
  1083 | D:2      | Found an ornate altar of the Wu Jian Council.
  1181 | D:3      | Reached skill level 6 in Bows
  1181 | D:3      | Reached XP level 4. HP: 26/26 MP: 5/5
  1314 | D:3      | Gained mutation: Your magical nature lets you fly swiftly
                  | and evasively. [Tengu growth]
  1314 | D:3      | Reached XP level 5. HP: 23/30 MP: 6/6
  1399 | D:3      | Reached skill level 7 in Bows
  1645 | D:3      | Reached XP level 6. HP: 35/35 MP: 7/7
  2139 | D:4      | Reached skill level 8 in Bows
  2177 | D:4      | Noticed a steam dragon
  2185 | D:4      | Killed from afar by a steam dragon

Vanquished Creatures
  A hound (D:4)
  A jelly (D:3)
  5 orc wizards
  An adder (D:3)
  An ufetubus (D:4)
  A worm (D:2)
  A dart slug (D:1)
  7 orcs
  6 bats
  8 endoplasms
  2 giant cockroaches (D:1)
  8 goblins
  3 hobgoblins
  3 jackals (D:1)
  5 ball pythons
  3 frilled lizards
  6 kobolds
  5 rats
67 creatures vanquished.

Table legend:
 A = Non-vault XP
 B = Vault XP
 C = Vault XP percentage of total XP
 D = Non-vault monster count
 E = Vault monster count
 F = Vault count percentage of total count
                 A         B        C        D         E       F
            +---------+---------+-------+---------+---------+-------
      Total |     402 |       0 |   0.0 |      67 |       0 |   0.0
            +---------+---------+-------+---------+---------+-------
        D:1 |      39 |       0 |   0.0 |      23 |       0 |   0.0
        D:2 |      71 |       0 |   0.0 |      18 |       0 |   0.0
        D:3 |     236 |       0 |   0.0 |      22 |       0 |   0.0
        D:4 |      56 |       0 |   0.0 |       4 |       0 |   0.0
            +---------+---------+-------+---------+---------+-------

Illustrated notes

Table legend:
 A = Kills in this place as a percentage of kills in entire the game.
 B = Kills by you in this place as a percentage of kills by you in the entire game.
 C = Kills by friends in this place as a percentage of kills by friends in the entire game.
 D = Other kills in this place as a percentage of other kills in the entire game.
 E = Experience gained in this place as a percentage of experience gained in the entire game.
 F = Experience gained in this place divided by the number of levels of this place that you have seen.
                   A       B       C       D       E      F
               +-------+-------+-------+-------+-------+----------------------
         Total | 100.0 | 100.0 |   N/A |   N/A | 100.0 | 100.5
       Dungeon | 100.0 | 100.0 |   N/A |   N/A | 100.0 | 100.5
               +-------+-------+-------+-------+-------+----------------------

Table legend: (Time is in decaauts)
 A = Elapsed time spent in this place.
 B = Non-inter-level travel time spent in this place.
 C = Inter-level travel time spent in this place.
 D = Time resting spent in this place.
 E = Time spent auto-exploring this place.
 F = Levels seen in this place.
 G = Mean time per level.
                   A        B        C        D        E       F      G
               +--------+--------+--------+--------+--------+-----+--------+
         Total |   2156 |   2112 |     44 |    241 |   1536 |   4 |  539.0 |
       Dungeon |   2156 |   2112 |     44 |    241 |   1536 |   4 |  539.0 |
               +--------+--------+--------+--------+--------+-----+--------+

Top non-repeatable levels by time:
     D:2: 801 daAuts
     D:3: 690 daAuts
     D:1: 585 daAuts
     D:4: 78 daAuts
